 Dungeon Crawl Stone Soup version 0.20-a0-449-g96be121 (webtiles) character file.

9933 HarryHood the Fighter (level 11, 0/115 HPs)
             Began as a Troll Fighter on Jan 8, 2017.
             Was a Priest of Qazlal.
             Slain by a five-headed hydra (11 damage)
             ... on level 12 of the Dungeon.
             The game lasted 00:42:26 (9108 turns).

HarryHood the Fighter (Troll Fighter)               Turns: 9108, Time: 00:42:27

Health: 0/115      AC:  8    Str: 26    XL:     11   Next: 29%
Magic:  15/15      EV:  9    Int:  8    God:    Qazlal [***...]
Gold:   328        SH: 27    Dex: 12    Spells: 10/10 levels left

rFire  . . .     SeeInvis .       - Unarmed
rCold  . . .     Gourm    +     K - +0 troll leather armour
rNeg   . . .     Faith    .     q - +2 large shield
rPois  .         Spirit   .     (helmet restricted)
rElec  .         Reflect  +     r - +0 cloak
rCorr  .         Harm     .     (gloves unavailable)
MR     .....                    (boots unavailable)
Stlth  +.........               b - +5 amulet of reflection
                                (no ring)
                                C - +4 ring of intelligence

@: drained
A: unfitting armour, claws 3, fast metabolism 3, gourmand, regeneration 1,
shaggy fur 1, tough skin 2
a: Upheaval, Elemental Force, Renounce Religion


You were on level 12 of the Dungeon.
You worshipped Qazlal.
Qazlal was most pleased with you.
You were full.

You visited 2 branches of the dungeon, and saw 13 of its levels.

You collected 727 gold pieces.
You spent 399 gold pieces at shops.

Inventory:

Hand Weapons
 a - a +2 hunting sling
Missiles
 i - 66 sling bullets
 k - 304 stones (quivered)
Armour
 q - a +2 large shield (worn)
 r - a +0 cloak (worn)
 B - the +0 robe of Negruczoa {rN+ Str+7}
   (You bought it in a shop on level 5 of the Dungeon)

   It affects your strength (+7).
   It protects you from negative energy.
 K - a +0 troll leather armour (worn)
Jewellery
 b - a +5 amulet of reflection (around neck)
 C - a +4 ring of intelligence (left claw)
Wands
 u - a wand of digging (5/24)
Scrolls
 t - a scroll of recharging
 w - a scroll of fear
 D - 6 scrolls of teleportation {@r0}
 E - 3 scrolls of remove curse {@r2}
Potions
 c - 3 potions of might
 e - a potion of brilliance
 f - 2 potions of lignification {!q}
 h - a potion of mutation {!q}
 j - 2 potions of heal wounds {@q1}
 l - a potion of resistance
 n - 4 potions of haste
 s - 2 potions of curing {@q2}
 z - 2 potions of agility
 F - a potion of berserk rage
 H - a potion of cancellation {unknown}
Comestibles
 d - 7 bread rations {@e1}
 m - 2 beef jerkies {@e2}
 o - 8 meat rations {@e1}
 v - 2 royal jellies {!*}


   Skills:
 - Level 9.1(8.9) Fighting
 - Level 4.2(4.0) Throwing
 - Level 6.0(5.8) Dodging
 - Level 6.0(5.8) Shields
 * Level 6.0(5.8) Unarmed Combat
 + Level 7.7(7.6) Invocations


You had 10 spell levels left.
You didn't know any spells.

Dungeon Overview and Level Annotations

Branches:
Dungeon (12/15)            Temple (1/1) D:5            Lair (0/6) D:11
    Orc (0/2) D:11

Altars:
Cheibriados
Elyvilon
Okawaru
Qazlal
Ru
Sif Muna
Zin

Shops:
D:5 [


Innate Abilities, Weirdness & Mutations

You are too large for most types of armour.
You have claws for hands.
Your metabolism is lightning-fast.
You like to eat raw meat.
Your natural rate of healing is unusually fast.
You are covered in fur. (AC +1)
You have very tough skin. (AC +2)


Message History

You block the four-headed hydra's attack. x2
The purple ugly thing gores you.
* * * LOW HITPOINT WARNING * * *
You closely miss the purple ugly thing.
The purple ugly thing is almost dead.
The four-headed hydra is engulfed in freezing vapours.
You block the four-headed hydra's attack. x2
The four-headed hydra bites you!
* * * LOW HITPOINT WARNING * * *
The four-headed hydra bites you!
* * * LOW HITPOINT WARNING * * *
You block the purple ugly thing's attack.
You tear one of the four-headed hydra's heads off!
The three-headed hydra grows two more!
You mangle the five-headed hydra!!
The five-headed hydra is heavily wounded.
The five-headed hydra is engulfed in freezing vapours.
The five-headed hydra seems to slow down.
You block the five-headed hydra's attack. x2
The five-headed hydra bites you!
You die...

.#....#.......# #.......
#####'#.......####......
..............#..#....#+#
..............#..#....'..
..............#..#....#
..............##'#....#
.............<........#
###########'##..)u....# #
...........'..@.....#
...........#..D.....#
###+###.####........#
###.....####### #.....+
#.....# #.....# #.....#
#.....+


You could see a five-headed hydra and a purple ugly thing.

Vanquished Creatures
  Sonja (D:10)
  Nergalle (D:12)
  An unseen horror (D:11)
  An ugly thing (D:11)
  A cyclops (D:11)
  2 trolls
  2 hippogriffs
  A wyvern (D:9)
  6 yaks
  A wraith (D:11)
  A basilisk (D:11)
  A hungry ghost (D:8)
  Edmund (D:4)
  A water moccasin (D:5)
  A hornet zombie (D:10)
  8 orc warriors
  2 sky beasts
  An ice beast (D:6)
  2 ogres
  2 centaurs
  A phantom (D:11)
  2 crocodiles
  A big kobold (D:7)
  Blork the orc (D:5)
  2 bullfrogs (D:7)
  3 scorpions
  6 killer bees (D:11)
  5 electric eels
  3 howler monkeys (D:10)
  3 crimson imps
  A centaur zombie (D:9)
  Crazy Yiuf (D:4)
  2 jellies (D:7)
  6 hounds
  9 orc priests
  A bullfrog skeleton (D:10)
  2 gnoll shamans
  2 centaur skeletons
  7 iguanas
  Terence (D:2)
  11 orc wizards
  8 worker ants
  2 hound zombies
  A hound skeleton (D:5)
  A worker ant zombie (D:5)
  A howler monkey zombie (D:9)
  7 gnolls
  12 adders
  4 shadow imps
  2 oozes
  An adder skeleton (D:6)
  3 worms (D:3)
  6 leopard geckos
  51 orcs
  5 giant cockroaches
  8 goblins
  9 hobgoblins
  14 jackals
  9 kobolds
  3 quokkas
  A ball python (D:5)
  8 bats
  4 frilled lizards
  2 jackal skeletons
  A jackal zombie (D:5)
  5 rats
275 creatures vanquished.

Vanquished Creatures (others)
  A manticore (D:11)
  A centaur (D:6)
  2 kobolds (D:7)
4 creatures vanquished.

Grand Total: 279 creatures vanquished

Notes
Turn   | Place    | Note
-------+----------+-------------------------------------------
     0 | D:1      | HarryHood the Troll Fighter began the quest for the Orb.
     0 | D:1      | Reached XP level 1. HP: 22/22 MP: 0/0
    80 | D:1      | Reached XP level 2. HP: 19/29 MP: 1/1
   110 | D:1      | Reached skill level 3 in Fighting
   333 | D:1      | Reached XP level 3. HP: 37/37 MP: 2/2
   900 | D:2      | Noticed Terence
   915 | D:2      | Killed Terence
   933 | D:2      | Reached skill level 1 in Throwing
   933 | D:2      | Reached XP level 4. HP: 31/48 MP: 3/3
  1313 | D:2      | Reached skill level 4 in Fighting
  1919 | D:3      | Found a faded altar of an unknown god.
  2270 | D:3      | Found a sacrificial altar of Ru.
  2383 | D:3      | Reached XP level 5. HP: 54/54 MP: 4/4
  2521 | D:4      | Reached skill level 2 in Throwing
  2642 | D:4      | Noticed Edmund
  2655 | D:4      | Killed Edmund
  2655 | D:4      | Reached skill level 5 in Fighting
  2655 | D:4      | Reached XP level 6. HP: 42/66 MP: 5/5
  2724 | D:4      | Found a runed door.
  2871 | D:4      | Reached skill level 3 in Throwing
  3166 | D:4      | Noticed Crazy Yiuf
  3173 | D:4      | Killed Crazy Yiuf
  3236 | D:5      | Entered Level 5 of the Dungeon
  3237 | D:5      | Found a staircase to the Ecumenical Temple.
  3272 | Temple   | Entered the Ecumenical Temple
  3283 | Temple   | Became a worshipper of Qazlal Stormbringer
  3383 | D:5      | Reached XP level 7. HP: 71/74 MP: 6/6
  3439 | D:5      | Reached skill level 6 in Fighting
  3453 | D:5      | Reached skill level 4 in Throwing
  3462 | D:5      | Reached skill level 3 in Unarmed Combat
  3641 | D:5      | Noticed Blork the orc
  3647 | D:5      | Killed Blork the orc
  3700 | D:5      | Found Zemanyed's Armour Shoppe.
  3822 | D:6      | Reached * piety under Qazlal
  3832 | D:6      | Reached skill level 4 in Unarmed Combat
  3909 | D:6      | Reached XP level 8. HP: 66/83 MP: 7/7
  4182 | D:6      | Reached skill level 3 in Shields
  4182 | D:6      | Reached skill level 1 in Invocations
  4312 | D:6      | Reached skill level 5 in Unarmed Combat
  4646 | D:7      | Reached skill level 2 in Invocations
  4651 | D:7      | Reached skill level 6 in Unarmed Combat
  4759 | D:7      | Reached skill level 4 in Shields
  4810 | D:7      | Reached ** piety under Qazlal
  4940 | D:7      | Reached skill level 3 in Invocations
  4940 | D:7      | Reached XP level 9. HP: 78/89 MP: 10/10
  5189 | D:7      | Reached skill level 5 in Shields
  5440 | D:5      | Bought the +0 robe of Negruczoa {rN+ Str+7} for 399 gold pieces
  5736 | D:8      | Reached *** piety under Qazlal
  5736 | D:8      | Reached skill level 6 in Shields
  5791 | D:8      | Reached skill level 4 in Invocations
  6110 | D:9      | Reached skill level 3 in Dodging
  6307 | D:9      | Reached skill level 4 in Dodging
  6785 | D:10     | Entered Level 10 of the Dungeon
  6818 | D:10     | Reached skill level 5 in Invocations
  6972 | D:10     | Noticed Sonja
  6981 | D:10     | Killed Sonja
  6981 | D:10     | Reached skill level 5 in Dodging
  7101 | D:10     | Reached XP level 10. HP: 98/98 MP: 12/12
  7273 | D:10     | Reached **** piety under Qazlal
  7295 | D:10     | Reached skill level 6 in Dodging
  7375 | D:10     | Reached skill level 6 in Invocations
  7759 | D:11     | Noticed a white ugly thing
  7776 | D:11     | Killed a white ugly thing
  7776 | D:11     | Reached skill level 7 in Fighting
  8133 | D:11     | Noticed a manticore
  8138 | D:11     | Killed a manticore
  8138 | D:11     | Reached skill level 7 in Invocations
  8165 | D:11     | Reached skill level 8 in Fighting
  8263 | D:11     | Reached XP level 11. HP: 83/111 MP: 15/15
  8419 | D:11     | Reached ***** piety under Qazlal
  8440 | D:11     | Found a staircase to the Orcish Mines.
  8504 | D:11     | Found a staircase to the Lair.
  8568 | D:11     | Killed an unseen horror
  9058 | D:12     | Noticed Nergalle
  9078 | D:12     | Killed Nergalle
  9078 | D:12     | Reached skill level 9 in Fighting
  9087 | D:12     | Noticed a purple ugly thing
  9091 | D:12     | Noticed a four-headed hydra
  9107 | D:12     | HP: 10/115 [four-headed hydra (13)]
  9108 | D:12     | Slain by a five-headed hydra

Vault maps used:
D:1:      dpeg_arrival_refuge
D:2:      first_bread, uniq_terence
D:3:      chequers_ecumenical_altar_simple, nicolae_ru_sacrificial_ziggurat
D:4:      uniq_crazy_yiuf_cottage, uniq_edmund
D:5:      serial_shops, shop, uniq_blork_the_orc
D:9:      cheibrodos_helix_gallery
D:10:     kennysheep_generic_room_10, uniq_sonja
D:11:     david_lair_generic, erik_orc_2
D:12:     uniq_nergalle, uniq_urug
Temple:   compressed_dpeg_circular_temple

Skill      XL: |  1  2  3  4  5  6  7  8  9 10 11 |
---------------+----------------------------------+-----
Fighting       | 3 4 5 6 8 9 |  9.1
Throwing       | 1 2 3 4 |  4.2
Unarmed Combat | 4 6 |  6.0
Shields        | 4 6 |  6.0
Invocations    | 3 5 7 |  7.7
Dodging        | 5 6 |  6.0

Action                   |  1- 3 |  4- 6 |  7- 9 | 10-12 || total
-------------------------+-------+-------+-------+-------++-------
Melee: Unarmed           |    80 |   239 |   443 |   297 ||  1059
 Fire: Hunting sling     |       |       |     4 |       ||     4
Throw: Stone             |     4 |       |     4 |    18 ||    26
  Use: Scroll            |     6 |     5 |     8 |     6 ||    25
       Potion            |       |       |     2 |     1 ||     3
 Stab: Sleeping          |     1 |       |       |       ||     1
  Eat: Chunk             |    14 |    22 |    42 |    15 ||    93
Armor: Robe              |    24 |    51 |    57 |    17 ||   149
       Troll leather arm |       |       |       |    14 ||    14
Dodge: Dodged            |    20 |    38 |    55 |    36 ||   149
       Deflected         |       |       |       |     3 ||     3
Block: Shield            |    31 |    40 |       |       ||    71
       Large shield      |       |   107 |   445 |   330 ||   882
       Reflection        |       |       |     9 |    14 ||    23
